 Dungeon Crawl Stone Soup version 0.29-a0-613-gf2c431b9b9 (webtiles) character file.

Game seed: 10376079157349784816

814 blackman the Carver (level 8, -3/58 HPs)
             Began as a Human Delver on June 16, 2022.
             Was a Follower of Zin.
             Slain by a water moccasin (5 damage)
             ... on level 5 of the Dungeon.
             The game lasted 00:37:37 (5913 turns).

blackman the Carver (Human Delver)                  Turns: 5913, Time: 00:37:37

Health: -3/58      AC:  9    Str: 15    XL:     8   Next: 15%
Magic:  5/7        EV:  7    Int: 11    God:    Zin [*.....]
Gold:   167        SH:  0    Dex: 19    Spells: 7/7 levels left

rFire   . . .      SeeInvis +   a - +0 long sword
rCold   . . .      Faith    .   (no shield)
rNeg    . . .      Spirit   .   t - +0 chain mail
rPois   ∞          Reflect  .   (no helmet)
rElec   .          Harm     .   q - +0 cloak
rCorr   .          Rampage  .   (no gloves)
Will    .....      Clarity  +   (no boots)
Stlth   ..........              (no amulet)
HPRegen 0.19/turn               p - ring of poison resistance
MPRegen 0.10/turn               l - ring of see invisible

@: vitalised
A: agile 1, clarity, low MP 1
a: Renounce Religion, Recite, Donate Gold


You were on level 5 of the Dungeon.
You worshipped Zin.
Zin was aware of your devotion.
You visited 2 branches of the dungeon, and saw 7 of its levels.

You collected 185 gold pieces.
You donated 18 gold pieces to Zin.

Inventory:

Hand Weapons
 a - a +0 long sword (weapon)
 b - the +3 hunting sling of Domination {vorpal, rCorr Stlth+}
   (You found it on level 4 of the Dungeon)

   Any ammunition fired from it inflicts extra damage upon your enemies.
   rCorr:     It protects you from acid and corrosion.
   Stlth:     It makes you more stealthy.
 h - a +0 short sword
 k - a +0 fustibalus
Missiles
 i - 5 datura-tipped darts (quivered)
 o - 78 stones
Armour
 d - a +0 leather armour
 q - a +0 cloak (worn)
 t - a +0 chain mail (worn)
Jewellery
 l - a ring of see invisible (right hand)
 p - a ring of poison resistance (left hand)
 r - a ring of flight
 u - a ring of poison resistance
Wands
 g - a wand of digging (2)
Scrolls
 c - a scroll of fog
 s - a scroll of vulnerability
Potions
 m - a potion of flight


   Skills:
 - Level 3.0 Fighting
 - Level 2.0(5.7) Short Blades
 * Level 8.5(8.6) Long Blades
 - Level 2.1 Dodging
 - Level 5.0 Stealth


You had 7 spell levels left.
You didn't know any spells.
Your spell library contained the following spells:

 Spells                   Type           Power      Damage    Failure   Level
 Sublimation of Blood     Necr           0%         N/A       100%        2
 Petrify                  Tmut/Erth      0%         N/A       100%        4
 Irradiate                Conj/Tmut      0%         3d13      100%        5


Dungeon Overview and Level Annotations

Branches:
Dungeon (6/15)             Temple (1/1) D:5

Altars:
Ashenzari
Dithmenos
Fedhas
Gozag
Hepliaklqana
Qazlal
Sif Muna
Uskayaw
Vehumet
Wu Jian
Xom
Zin

Shops:
D:5 *

Annotations:
D:6 Eustachio
Temple Prince Ribbit


Innate Abilities, Weirdness & Mutations

You are agile. (Dex +4, Int/Str-1)
You possess an exceptional clarity of mind.
Your magical capacity is low. (-10% MP)


Message History

Your orc warrior closely misses the orc wizard.
You are ready to recite again.
Your orc closely misses something.
You feel a bit more experienced.
The water moccasin hisses angrily.
You don't know any spells.
Unknown command.
You are too injured to fight recklessly!
Press: ? - help, v - describe, . - travel The floor.
Unknown command.
Press: ? - help, v - describe, . - travel
Here: a water moccasin The floor.
Aiming: Charm
Press: ? - help, Shift-Dir - straight line, f - water moccasin
Aim: a water moccasin (chance to affect: 49%)
The water moccasin resists with some effort.
Aiming: Charm
Press: ? - help, Shift-Dir - straight line, f/p - water moccasin
Aim: a water moccasin (chance to affect: 49%)
The water moccasin resists with some effort.
The now-empty wand crumbles to dust.
Zin grants you divine stamina.
You can no longer call upon Zin for vitalisation.
The water moccasin bites you but does no damage.
The water moccasin bites you.
* * * LOW HITPOINT WARNING * * *
The water moccasin bites you.
* * * LOW HITPOINT WARNING * * *
Your divine stamina protects you from poison!
The water moccasin closely misses you.
The water moccasin attacks as you move away!
The water moccasin bites you.
* * * LOW HITPOINT WARNING * * *
Found a book of Armaments.
The orc shouts!
The water moccasin attacks as you move away!
The water moccasin bites you.
You die...

,,,,***+++***......w.......,,....
,,,,,,,,,:...............##+#....
,,,,,,,,.................#......#
,,,,,,,..........................
,,,,,,,........................#*
,,,,,,,........................#
,,,,,,,...........<......#.....##
,,,,,,,..................#.......
,,,,,,,.........@.....o..#.#'####
,,,,............S........#.#.####
,,.......................#.#.#...
,,.......................#.#...##
,,,............o.........#.#..##⌠
,,,,...............#..#.##.#[..#_
***#.#..#.####..####..#....#..)..
####.#..#.####..####..######.....
*..........................'....∩


You could see an orc warrior, a water moccasin and an orc.

Vanquished Creatures
  Pikel (D:5)
  A black bear (D:4)
  A scorpion (D:5)
  A hound (D:3)
  Jessica (D:3)
  An orc wizard (D:5)
  A gnoll (D:1)
  2 adders
  3 worms (D:3)
  5 orcs
  7 ball pythons
  6 endoplasms
  3 giant cockroaches
  4 goblins
  6 hobgoblins
  2 jackals (D:1)
  6 kobolds
  5 quokkas
  3 bats (D:1)
  2 frilled lizards (D:3)
  6 rats
67 creatures vanquished.

Vanquished Creatures (collateral kills)
  2 orc wizards (D:5)
  2 orcs (D:5)
4 creatures vanquished.

Vanquished Creatures (others)
  An orc (D:5)
1 creature vanquished.

Grand Total: 72 creatures vanquished

Notes
Turn   | Place    | Note
-------+----------+-------------------------------------------
     0 | D:5      | blackman the Human Delver began the quest for the Orb.
     0 | D:5      | Reached XP level 1. HP: 18/18 MP: 1/1
    25 | D:5      | Noticed a water moccasin
    29 | D:5      | Noticed a hound
    43 | D:5      | Found a staircase to the Ecumenical Temple.
    52 | Temple   | Entered the Ecumenical Temple
   270 | D:5      | Found Zin's Purification Station.
   270 | D:5      | Found a glowing silver altar of Zin.
   277 | D:5      | Became a worshipper of Zin the Law-Giver
   294 | D:5      | Noticed an orc wizard
   825 | D:2      | Reached skill level 1 in Long Blades
   825 | D:2      | Reached XP level 2. HP: 24/24 MP: 2/2
  1439 | D:1      | Reached skill level 2 in Long Blades
  1499 | D:1      | Reached * piety under Zin
  1569 | D:1      | Reached XP level 3. HP: 23/29 MP: 3/3
  2113 | D:1      | Reached skill level 3 in Long Blades
  2464 | D:2      | Reached XP level 4. HP: 35/35 MP: 4/4
  3198 | D:3      | Found an opulent altar of Gozag.
  3277 | D:3      | Reached ** piety under Zin
  3602 | D:3      | Noticed Jessica
  3817 | D:3      | Killed Jessica
  3818 | D:3      | Reached skill level 4 in Long Blades
  3818 | D:3      | Reached XP level 5. HP: 27/41 MP: 5/5
  4776 | D:4      | Noticed an ogre
  4784 | D:4      | Identified the +3 hunting sling of Domination {vorpal,
                  | rCorr Stlth+}
  5051 | D:5      | Noticed a lemure
  5051 | D:5      | Noticed Pikel
  5053 | D:5      | Noticed a lemure
  5053 | D:5      | Noticed a lemure
  5056 | D:5      | Killed Pikel
  5057 | D:5      | Reached skill level 7 in Long Blades
  5057 | D:5      | Reached XP level 6. HP: 47/47 MP: 6/6
  5057 | D:5      | Reached XP level 7. HP: 52/52 MP: 7/7
  5059 | D:5      | Noticed Prince Ribbit
  5084 | D:5      | Gained mutation: Your magical capacity is low. (-10% MP)
                  | [potion of mutation]
  5084 | D:5      | Gained mutation: You are agile. (Dex +4, Int/Str-1) [potion
                  | of mutation]
  5084 | D:5      | Gained mutation: You possess an exceptional clarity of
                  | mind. [potion of mutation]
  5406 | D:4      | Found a shimmering altar of Xom.
  5483 | D:4      | Reached skill level 8 in Long Blades
  5799 | D:5      | Reached XP level 8. HP: 49/58 MP: 7/7
  5878 | D:6      | HP: 2/58 [orc/+1 morningstar of protection (2)]
  5880 | D:6      | Noticed Eustachio
  5908 | D:5      | HP: 2/58 [water moccasin (2)]
  5912 | D:5      | Identified the +0 robe of the Original Sin {-Cast SInv
                  | Stlth+}
  5913 | D:5      | Slain by a water moccasin

Illustrated notes

Levels and vault maps discovered:
D:1:      co_arrival_random_square_maze, layout_basic, serial_park_tiny_2,
          feat_on_display
D:2:      layout_basic, hangedman_decor_opposing, grunt_ministairs_11
D:3:      layout_loops_cross, nicolae_gozag_cash_rules_everything_around_me,
          cheibrodos_sewer_entry_bend, uniq_jessica
D:4:      layout_cave_pods, mainiacjoe_overflow_small_starburst,
          mainiacjoe_overflow_catwalk, serial_shops, shop
D:5:      layout_basic, zin_purify, minmay_temple_entry_fiery,
          ebering_ghost_rock_garden, uniq_pikel, uniq_prince_ribbit1
D:6:      cheibrodos_steamvent, layout_basic, grunt_temple_overflow_open,
          nicolae_ossuary_entry_plus, uniq_eustachio
Temple:   nicolae_temple_figure_zero

Skill      XL: |  1  2  3  4  5  6  7 |
---------------+----------------------+-----
Long Blades    | 1 2 3 4 7 8 |  8.5
Fighting       | |  3.0
Short Blades   | |  2.0
Dodging        | |  2.1
Stealth        | |  5.0

Action                   |  1- 3 |  4- 6 |  7- 9 || total
-------------------------+-------+-------+-------++-------
Melee: Long sword        |    95 |    91 |    23 ||   209
       Punch             |       |       |     1 ||     1
 Fire: Fustibalus        |       |    15 |       ||    15
       Hunting sling     |       |       |     4 ||     4
Throw: Javelin           |       |       |     2 ||     2
       Dart              |       |       |     1 ||     1
Invok: Recite            |       |     2 |     1 ||     3
       Vitalisation      |       |       |     4 ||     4
Evoke: Wand              |     1 |     1 |     7 ||     9
  Use: Scroll            |     2 |     8 |       ||    10
       Potion            |     1 |       |     7 ||     8
 Stab: Sleeping          |     9 |     2 |       ||    11
       Distracted        |     1 |       |       ||     1
Armor: Leather armour    |    24 |     3 |       ||    27
       Chain mail        |       |    42 |    64 ||   106
Dodge: Dodged            |    69 |    32 |    54 ||   155

Table legend: (Time is in decaauts)
 A = Elapsed time spent in this place.
 B = Non-inter-level travel time spent in this place.
 C = Inter-level travel time spent in this place.
 D = Time resting spent in this place.
 E = Time spent auto-exploring this place.
 F = Levels seen in this place.
 G = Mean time per level.
                   A        B        C        D        E       F      G
               +--------+--------+--------+--------+--------+-----+--------+
         Total |   5961 |   5655 |    306 |   1829 |   2661 |   7 |  851.6 |
       Dungeon |   5794 |   5528 |    266 |   1829 |   2548 |   6 |  965.7 |
        Temple |    167 |    127 |     40 |      0 |    113 |   1 |  167.0 |
               +--------+--------+--------+--------+--------+-----+--------+

Top non-repeatable levels by time:
     D:3: 2057 daAuts
     D:1: 1363 daAuts
     D:2: 1084 daAuts
     D:5: 720 daAuts
     D:4: 563 daAuts
  Temple: 167 daAuts
     D:6: 4 daAuts
